 Dungeon Crawl Stone Soup version 0.21-a0-225-g207ae17 (webtiles) character file.

1743 Manul the Chopper (level 8, -6/62 HPs)
             Began as a Mummy Gladiator on Aug 28, 2017.
             Was an Initiate of Gozag.
             Killed from afar by an electric eel (9 damage)
             ... with a bolt of electricity
             ... on level 6 of the Dungeon.
             The game lasted 00:07:19 (6277 turns).

Manul the Chopper (Mummy Gladiator)                 Turns: 6277, Time: 00:07:19

Health: -6/62      AC: 11    Str: 18    XL:     8   Next: 77%
Magic:  8/8        EV: 15    Int:  8    God:    Gozag
Gold:   125        SH:  5    Dex: 20    Spells: 7/7 levels left

rFire    x . .     SeeInvis .   z - +2 hand axe (flame)
rCold    + + .     Gourm    .   g - +0 buckler
rNeg     + + +     Faith    .   l - +2 animal skin
rPois    ∞         Spirit   .   m - +1 helmet
rElec    .         Reflect  .   p - +1 cloak {MR+}
rCorr    .         Harm     .   u - +0 pair of gloves
MR       ++...                  q - +1 pair of boots
Stlth    ++........             (no amulet)
HPRegen  0.20/turn              s - +6 ring of dexterity
MPRegen  0.11/turn              t - ring of protection from cold

@: no status effects
A: no food or potions, fire vulnerability, cold resistance 1, negative energy
resistance 3, torment resistance, unbreathing
a: Potion Petition, Call Merchant, Bribe Branch, Renounce Religion


You were on level 6 of the Dungeon.
You worshipped Gozag.
Gozag was aware of your devotion.
You were not hungry.

You visited 2 branches of the dungeon, and saw 7 of its levels.

You collected 495 gold pieces.
You spent 333 gold pieces at shops.
You paid 37 gold pieces to Gozag.

Inventory:

Hand Weapons
 a - a +0 whip of electrocution
 y - a +0 battleaxe
 z - a +2 hand axe of flaming (weapon)
 B - the +0 glaive of Red Wine {antimagic, MR++}
   (You bought it in a shop on level 5 of the Dungeon)

   It reduces the magical energy of the wielder, and disrupts the spells and
   magical abilities of those hit.
   Natural abilities and divine invocations are not affected.
   It affects your resistance to hostile enchantments.
Missiles
 d - 2 throwing nets (quivered)
Armour
 b - a +0 leather armour
 c - a +0 helmet
 g - a +0 buckler (worn)
 l - a +2 animal skin (worn)
 m - a +1 helmet (worn)
 p - a +1 cloak of magic resistance (worn)
 q - a +1 pair of boots (worn)
 u - a +0 pair of gloves (worn)
Jewellery
 i - an uncursed ring of stealth
 j - an uncursed ring of protection from magic
 s - a +6 ring of dexterity (left hand)
 t - a ring of protection from cold (right hand)
Wands
 w - a wand of iceblast (0/15)
Scrolls
 e - 3 scrolls of recharging {unknown}
 f - 8 scrolls of remove curse
 h - 3 scrolls of amnesia {unknown}
 k - a scroll of magic mapping {unknown}
 n - 3 scrolls of identify
 r - 2 scrolls of enchant armour
 v - a scroll of random uselessness {unknown}
 x - a scroll of fear {unknown}
 A - a scroll of teleportation {unknown}
 C - a scroll of fog {unknown}
Books
 o - a book of Cantrips

   Spells                             Type                      Level
   a - Confusing Touch                Hexes                        1
   b - Animate Skeleton               Necromancy                   1
   c - Summon Small Mammal            Summoning                    1
   d - Apportation                    Translocation                1


   Skills:
 + Level 5.1 Fighting
 + Level 7.4(7.5) Axes
 + Level 0.5(4.6) Polearms
 - Level 1.7 Throwing
 + Level 0.7 Armour
 + Level 4.2 Dodging
 - Level 2.4 Shields
 + Level 0.5 Evocations


You had 7 spell levels left.
You didn't know any spells.

Dungeon Overview and Level Annotations

Branches:
Dungeon (6/15)             Temple (1/1) D:4

Altars:
Ashenzari
Cheibriados
Dithmenos
Elyvilon
Fedhas
Gozag
Hepliaklqana
Kikubaaqudgha
Makhleb
Nemelex Xobeh
Okawaru
Qazlal
Ru
Sif Muna
Trog
Uskayaw
Vehumet
Wu Jian
Xom
Zin

Shops:
D:5 *

Annotations:
D:3 1 exclusion


Innate Abilities, Weirdness & Mutations

You do not eat or drink.
Your flesh is vulnerable to fire.
You are immune to poison.
Your flesh is cold resistant. (rC+)
You are immune to negative energy. (rN+++)
You are immune to unholy pain and torment.
You can survive without breathing.


Message History

You slash the plant! You burn the plant.
Your unstable footing causes you to fumble your attack.
You barely miss the electric eel. You hit the plant but do no damage.
You hit the plant. You burn the plant. You closely miss the electric eel.
You hit the plant. You burn the plant. You hit the plant. You burn the plant.
The electric eel shoots out a bolt of lightning at you!
The bolt of electricity hits you!
Your unstable footing causes you to fumble your attack.
The electric eel shoots out a bolt of lightning at you!
The bolt of electricity misses you.
The electric eel shoots out a bolt of lightning at you!
The bolt of electricity hits you!
* * * LOW HITPOINT WARNING * * *
The electric eel shoots out a bolt of lightning at you!
The bolt of electricity hits you!
* * * LOW HITPOINT WARNING * * *
The bolt of electricity hits you!
You die...
Your body crumbles into a pile of gold.

.##......#.P $###..
.....#.PPPP♣≈≈
....######...≈PP.≈≈♣≈≈PPPP#
#...........PPP≈≈≈♣P≈PP..#.
#.>..[ ....P.≈≈♣≈PPPP....$.
#....#####.P;≈PPP.P.......#
#...##...##≈≈P.PP..#.......
#...##...##.≈.≈...##......#
##...##....@..?.....#......#
#....##....##.......#....<{.
##.#####....#######..........
#.........)##.....#######....
#######....#.......### #.Z..
##.......<.....# #$...
#....8.....8..# #....
#.............# #....
####...8.8....# #....


You could see an electric eel.

Vanquished Creatures
  Pikel (D:5)
  An orc warrior (D:4)
  An ice beast (D:5)
  3 ogres
  2 bullfrogs
  4 scorpions
  A howler monkey (D:5)
  2 crimson imps
  2 hounds
  A bullfrog skeleton (D:5)
  An orc priest (D:4)
  Ijyb (D:4)
  An orc wizard (D:4)
  4 worker ants
  Robin (D:2)
  8 adders
  2 worms
  6 dart slugs
  A leopard gecko (D:5)
  9 orcs
  11 bats
  6 giant cockroaches
  19 goblins
  9 hobgoblins
  6 jackals
  3 quokkas
  2 frilled lizards
  A jackal zombie (D:5)
  4 kobolds
  A leopard gecko skeleton (D:4)
  6 rats
  A plant (D:6)
121 creatures vanquished.

Vanquished Creatures (others)
  The ghost of M4edhros the Covert, a novice OpAr of Dithmenos (D:5)
  2 slaves (D:5)
  A hound (D:5)
  3 orcs (D:5)
  A plant (D:6)
  4 toadstools (D:1)
12 creatures vanquished.

Grand Total: 133 creatures vanquished

Notes
Turn   | Place    | Note
-------+----------+-------------------------------------------
     0 | D:1      | Manul the Mummy Gladiator began the quest for the Orb.
     0 | D:1      | Reached XP level 1. HP: 16/16 MP: 1/1
   340 | D:1      | Reached XP level 2. HP: 18/22 MP: 2/2
   561 | D:1      | Reached XP level 3. HP: 21/28 MP: 3/3
   772 | D:2      | Noticed Robin
   784 | D:2      | Reached skill level 3 in Axes
   936 | D:2      | Killed Robin
  1219 | D:2      | Reached XP level 4. HP: 22/34 MP: 4/4
  2028 | D:3      | Found an ornate altar of the Wu Jian Council.
  2209 | D:3      | Reached XP level 5. HP: 41/41 MP: 5/5
  2241 | D:3      | Found a deep blue altar of Sif Muna.
  2804 | D:4      | Found a sacrificial altar of Ru.
  2831 | D:4      | Found a sparkling altar of Nemelex Xobeh.
  2841 | D:4      | Reached skill level 4 in Axes
  2910 | D:3      | Reached XP level 6. HP: 19/47 MP: 6/6
  3195 | D:4      | Reached skill level 1 in Shields
  3278 | D:4      | Found a staircase to the Ecumenical Temple.
  3279 | D:4      | Noticed Ijyb
  3286 | Temple   | Entered the Ecumenical Temple
  3374 | Temple   | Became a worshipper of Gozag Ym Sagoz the Greedy
  3488 | D:4      | Killed Ijyb
  3539 | D:4      | Noticed an orc warrior
  3560 | D:4      | Killed an orc warrior
  3560 | D:4      | Reached skill level 5 in Axes
  3560 | D:4      | Reached XP level 7. HP: 38/53 MP: 7/7
  4312 | D:5      | Entered Level 5 of the Dungeon
  4317 | D:5      | Found Yxitieq's Assorted Antiques.
  4346 | D:5      | Noticed Pikel
  4368 | D:5      | Killed Pikel
  4368 | D:5      | Reached skill level 6 in Axes
  4368 | D:5      | Reached XP level 8. HP: 22/61 MP: 8/8
  4377 | D:5      | Noticed M4edhros's ghost (novice OpAr)
  4692 | D:5      | Killed M4edhros's ghost
  4725 | D:5      | Reached skill level 7 in Axes
  5465 | D:5      | Bought a bloodstained glaive for 333 gold pieces
  5470 | D:5      | Identified the +0 glaive of Red Wine {antimagic, MR++} (You bought it in a shop on level 5 of the Dungeon)
  5509 | D:6      | Reached skill level 5 in Fighting
  6096 | D:5      | Killed a freed slave
  6277 | D:6      | HP: 3/62 [electric eel/bolt of electricity (10)]
  6277 | D:6      | Killed from afar by an electric eel

Vault maps used:
D:1:      ldierk_water_garden
D:2:      uniq_robin
D:3:      lemuel_coloured_pillars_altar, minmay_misc_feat_encased, led_sif_book
D:4:      nemelex_xobeh_ov_fountains_minmay, nicolae_ru_the_path_less_chosen,
          minmay_temple_entry_large_hall, st_stairs_6, uniq_ijyb
D:5:      first_bread, serial_shops, nicolae_shop_stone, uniq_pikel
D:6:      lemuel_round_altar, serial_bayou_lagoon_a, grunt_ministairs_10,
          kennysheep_another_room, minmay_misc_feat_tiny,
          yredelemnul_altar_generic
Temple:   minmay_crystal_spiral_temple

Skill      XL: |  1  2  3  4  5  6  7  8 |
---------------+-------------------------+-----
Axes           | 3 4 5 6 7 |  7.4
Fighting       | 3 4 5 |  5.1
Dodging        | 3 4 |  4.2
Shields        | 1 2 |  2.4
Polearms       | |  0.5
Throwing       | |  1.7
Armour         | |  0.7
Evocations     | |  0.5

Action                   |  1- 3 |  4- 6 |  7- 9 || total
-------------------------+-------+-------+-------++-------
Melee: War axe           |   118 |   166 |    24 ||   308
       Hand axe          |       |       |   148 ||   148
       Glaive            |       |       |     8 ||     8
Throw: Throwing net      |       |       |     1 ||     1
Invok: Potion Petition   |       |     1 |       ||     1
Evoke: Wand              |       |     1 |     1 ||     2
  Use: Scroll            |       |     3 |       ||     3
 Stab: Sleeping          |     1 |     7 |       ||     8
Armor: Leather armour    |    48 |       |       ||    48
       Animal skin       |     6 |    53 |    40 ||    99
Dodge: Dodged            |    82 |    99 |    80 ||   261
Block: Buckler           |    29 |    35 |    30 ||    94

Table legend:
 A = Spawn XP
 B = Non-spawn XP
 C = Spawn XP percentage of total XP
 D = Spawn monster count
 E = Non-spawn monster count
 F = Spawn count percentage of total count
 G = Total turns spent on level
                    A         B        C        D         E        F      G
               +---------+---------+-------+---------+---------+-------+---------
         Total |     470 |    2021 |  18.9 |      18 |     102 |  15.0 |  6277
               +---------+---------+-------+---------+---------+-------+---------
           D:1 |       7 |      43 |  14.0 |       4 |      22 |  15.4 |   908
           D:2 |      18 |      97 |  15.7 |       2 |      25 |   7.4 |   911
           D:3 |      14 |     147 |   8.7 |       5 |      22 |  18.5 |  1215
           D:4 |     208 |     563 |  27.0 |       3 |      18 |  14.3 |  1623
           D:5 |     223 |     956 |  18.9 |       4 |      11 |  26.7 |  1015
           D:6 |       0 |     215 |   0.0 |       0 |       4 |   0.0 |   429
               +---------+---------+-------+---------+---------+-------+---------
